UAA
SANTA BARBARA STREAK @ MERCER ISLAND SCREAMING EAGLES
07/07/2019
 
TOP OF THE 1ST
Santa Barbara Streak batting - Pitching for Mercer Island Screaming Eagles : RHP Lynwood Matos
Pitching: RHP Lynwood Matos
Batting: SHB Todd Cisneros 0-0: Called Strike
0-1: Ball
1-1: Ball
2-1: Ball
3-1: Foul Ball, location: 2F
3-2: Strikes out swinging
Batting: RHB Bob Narváiz 0-0: Called Strike
0-1: Ball
1-1: Called Strike
1-2: Strikes out swinging
Batting: LHB Jesús Vargas 0-0: Fly out, F7 (Flyball, 7M)
Top of the 1st over - 0 run(s), 0 hit(s), 0 error(s), 0 left on base; Santa Barbara 0 - Mercer Island 0
BOTTOM OF THE 1ST
Mercer Island Screaming Eagles batting - Pitching for Santa Barbara Streak : RHP Il-gyung Kim
Pitching: RHP Il-gyung Kim
Batting: RHB Luis Antonio Hernández 0-0: Bunted foul
0-1: Ball
1-1: Fly out, F7 (Flyball, 7M)
Batting: LHB Mike Russell 0-0: Swinging Strike
0-1: Foul Ball, location: 2F
0-2: Strikes out swinging
Batting: SHB Stephen Yates 0-0: Ball
1-0: Ball
2-0: SINGLE (Line Drive, 89S)
Batting: RHB Miguel Márquez 0-0: Swinging Strike
0-1: Fly out, F4 (Popup, 4MD)
Bottom of the 1st over - 0 run(s), 1 hit(s), 0 error(s), 1 left on base; Santa Barbara 0 - Mercer Island 0
TOP OF THE 2ND
Santa Barbara Streak batting - Pitching for Mercer Island Screaming Eagles : RHP Lynwood Matos
Batting: SHB Robbie Anderson 0-0: Ball
1-0: Ball
2-0: Called Strike
2-1: Fly out, F7 (Flyball, 78D)
Batting: SHB Terry Conley 0-0: Called Strike
0-1: Ball
1-1: Swinging Strike
1-2: Strikes out looking
Batting: RHB Gil Lowe 0-0: Called Strike
0-1: Foul Ball, location: 2F
0-2: Strikes out swinging
Top of the 2nd over - 0 run(s), 0 hit(s), 0 error(s), 0 left on base; Santa Barbara 0 - Mercer Island 0
BOTTOM OF THE 2ND
Mercer Island Screaming Eagles batting - Pitching for Santa Barbara Streak : RHP Il-gyung Kim
Batting: RHB Ted Cook 0-0: Ball
1-0: SOLO HOME RUN (Flyball, 78XD), Distance : 432 ft
Batting: RHB Vincente Flores 0-0: Called Strike
0-1: Swinging Strike
0-2: Ball
1-2: Strikes out looking
Batting: LHB Gregg Young 0-0: Called Strike
0-1: Called Strike
0-2: Ball
1-2: Strikes out swinging
Batting: RHB Jesús Martínez 0-0: Ball
1-0: Fly out, F7 (Flyball, 7S)
Bottom of the 2nd over - 1 run(s), 1 hit(s), 0 error(s), 0 left on base; Santa Barbara 0 - Mercer Island 1
TOP OF THE 3RD
Santa Barbara Streak batting - Pitching for Mercer Island Screaming Eagles : RHP Lynwood Matos
Batting: RHB Alberto Ortíz 0-0: Ball
1-0: Foul Ball, location: 2F
1-1: Ball
2-1: SINGLE (Groundball, 34)
Batting: RHB Héctor Cantú 0-0: Called Strike
0-1: Foul Ball, location: 2F
0-2: Strikes out swinging
Batting: RHB Carlos Trujillo 0-0: Ball
1-0: Called Strike
1-1: Foul Ball, location: 2F
1-2: Grounds into double play, 4-6-3 (Groundball, 4)
Top of the 3rd over - 0 run(s), 1 hit(s), 0 error(s), 0 left on base; Santa Barbara 0 - Mercer Island 1
BOTTOM OF THE 3RD
Mercer Island Screaming Eagles batting - Pitching for Santa Barbara Streak : RHP Il-gyung Kim
Batting: RHB Alan Rosales 0-0: Ball
1-0: Ball
2-0: Ground out 6-3 (Groundball, 56)
Batting: RHB Luis Antonio Hernández 0-0: Ball
1-0: Foul Ball, location: 2F
1-1: Ball
2-1: Swinging Strike
2-2: Ball
3-2: Strikes out swinging
Batting: LHB Mike Russell 0-0: Ball
1-0: Foul Ball, location: 2F
1-1: Ball
2-1: Ball
3-1: DOUBLE (Flyball, 89D)
Batting: SHB Stephen Yates 0-0: SINGLE (Line Drive, 4MD)
Mike Russell to third
Runner from 3rd tries for Home, SAFE, throw made home
Batting: RHB Miguel Márquez 0-0: Called Strike
0-1: Ball
1-1: Called Strike
1-2: Strikes out looking
Bottom of the 3rd over - 1 run(s), 2 hit(s), 0 error(s), 1 left on base; Santa Barbara 0 - Mercer Island 2
TOP OF THE 4TH
Santa Barbara Streak batting - Pitching for Mercer Island Screaming Eagles : RHP Lynwood Matos
Batting: SHB Todd Cisneros 0-0: Ball
1-0: Called Strike
1-1: Swinging Strike
1-2: Ball
2-2: Strikes out swinging
Batting: RHB Bob Narváiz 0-0: Called Strike
0-1: Ball
1-1: Ball
2-1: Ball
3-1: Called Strike
3-2: Fly out, F9 (Flyball, 9M)
Batting: LHB Jesús Vargas 0-0: Fly out, F9 (Flyball, 9D)
Top of the 4th over - 0 run(s), 0 hit(s), 0 error(s), 0 left on base; Santa Barbara 0 - Mercer Island 2
BOTTOM OF THE 4TH
Mercer Island Screaming Eagles batting - Pitching for Santa Barbara Streak : RHP Il-gyung Kim
Batting: RHB Ted Cook 0-0: Foul Ball, location: 2F
0-1: Ball
1-1: Called Strike
1-2: Ball
2-2: Strikes out swinging
Batting: RHB Vincente Flores 0-0: Ball
1-0: Called Strike
1-1: Ball
2-1: Called Strike
2-2: Ball
3-2: Base on Balls
Batting: LHB Gregg Young 0-0: Foul Ball, location: 2F
0-1: Swinging Strike
0-2: Foul Ball, location: 2F
0-2: Strikes out swinging
Batting: RHB Jesús Martínez 0-0: Called Strike
0-1: Called Strike
0-2: Strikes out swinging
Bottom of the 4th over - 0 run(s), 0 hit(s), 0 error(s), 1 left on base; Santa Barbara 0 - Mercer Island 2
TOP OF THE 5TH
Santa Barbara Streak batting - Pitching for Mercer Island Screaming Eagles : RHP Lynwood Matos
Batting: SHB Robbie Anderson 0-0: Ball
1-0: Swinging Strike
1-1: Ball
2-1: Foul Ball, location: 2F
2-2: Ball
3-2: Base on Balls
Batting: SHB Terry Conley 0-0: Ball
1-0: Called Strike
1-1: Reached on error, E1 (Groundball, 15)
Robbie Anderson to second
Batting: RHB Gil Lowe 0-0: Bunted foul
0-1: Ball
1-1: Bunted foul
1-2: Hit by Pitch
Robbie Anderson to third
Terry Conley to second
Batting: RHB Alberto Ortíz 0-0: Foul Ball, location: 2F
0-1: Called Strike
0-2: Ball
1-2: Grounds into double play, 4-6-3 (Groundball, 34)
Robbie Anderson scores
Terry Conley to third
Batting: RHB Héctor Cantú 0-0: Ball
1-0: Ball
2-0: Foul Ball, location: 2F
2-1: Foul Ball, location: 2F
2-2: Strikes out swinging
Top of the 5th over - 1 run(s), 0 hit(s), 1 error(s), 1 left on base; Santa Barbara 1 - Mercer Island 2
BOTTOM OF THE 5TH
Mercer Island Screaming Eagles batting - Pitching for Santa Barbara Streak : RHP Il-gyung Kim
Batting: RHB Alan Rosales 0-0: Called Strike
0-1: Fly out, F4 (Popup, 34)
Batting: RHB Luis Antonio Hernández 0-0: Called Strike
0-1: Fly out, F9 (Flyball, 89M)
Batting: LHB Mike Russell 0-0: Called Strike
0-1: Ball
1-1: Swinging Strike
1-2: Foul Ball, location: 2F
1-2: Strikes out swinging
Bottom of the 5th over - 0 run(s), 0 hit(s), 0 error(s), 0 left on base; Santa Barbara 1 - Mercer Island 2
TOP OF THE 6TH
Santa Barbara Streak batting - Pitching for Mercer Island Screaming Eagles : RHP Lynwood Matos
Batting: RHB Carlos Trujillo 0-0: Called Strike
0-1: Ball
1-1: Ground out 1-3 (Groundball, 15)
Batting: SHB Todd Cisneros 0-0: Ball
1-0: Ball
2-0: Ball
3-0: Base on Balls
Batting: RHB Bob Narváiz 0-0: Ball
1-0: Called Strike
1-1: Ball
2-1: Foul Ball, location: 2F
2-2: Foul Ball, location: 2F
2-2: Ball
3-2: Base on Balls
Todd Cisneros to second
Batting: LHB Jesús Vargas 0-0: Ball
1-0: Ball
2-0: Ball
3-0: Foul Ball, location: 2F
3-1: Base on Balls
Todd Cisneros to third
Bob Narváiz to second
Batting: SHB Robbie Anderson 0-0: Foul Ball, location: 2F
0-1: Ball
Wild Pitch!
Todd Cisneros scores
Bob Narváiz to third
Jesús Vargas to second
1-1: Intentional Walk
Batting: SHB Terry Conley 0-0: Called Strike
0-1: Ball
1-1: Foul Ball, location: 2F
1-2: Ball
2-2: Foul Ball, location: 2F
2-2: Foul Ball, location: 2F
2-2: Ground out U3 (Groundball, 3S)
Bob Narváiz scores
Jesús Vargas to third
Robbie Anderson to second
Batting: RHB Gil Lowe 0-0: Foul Ball, location: 2F
0-1: Called Strike
0-2: Ball
1-2: Ball
2-2: Ball
3-2: Base on Balls
Batting: RHB Alberto Ortíz 0-0: Swinging Strike
0-1: SINGLE (Line Drive, 4M)
Jesús Vargas scores
Robbie Anderson to third
Gil Lowe to second
Pitching: RHP José Contreras
Batting: RHB Héctor Cantú 0-0: Ball
1-0: Called Strike
1-1: Foul Ball, location: 2F
1-2: Foul Ball, location: 2F
1-2: Strikes out swinging
Top of the 6th over - 3 run(s), 1 hit(s), 0 error(s), 3 left on base; Santa Barbara 4 - Mercer Island 2
BOTTOM OF THE 6TH
Mercer Island Screaming Eagles batting - Pitching for Santa Barbara Streak : RHP Il-gyung Kim
Batting: SHB Stephen Yates 0-0: Called Strike
0-1: Fly out, F4 (Popup, 4M)
Batting: RHB Miguel Márquez 0-0: Foul Ball, location: 2F
0-1: Foul Ball, location: 2F
0-2: Strikes out swinging
Batting: RHB Ted Cook 0-0: Swinging Strike
0-1: Ball
1-1: Ball
2-1: Called Strike
2-2: Foul Ball, location: 2F
2-2: Ball
3-2: Ground out 6-3 (Groundball, 6)
Bottom of the 6th over - 0 run(s), 0 hit(s), 0 error(s), 0 left on base; Santa Barbara 4 - Mercer Island 2
TOP OF THE 7TH
Santa Barbara Streak batting - Pitching for Mercer Island Screaming Eagles : RHP José Contreras
Batting: RHB Carlos Trujillo 0-0: Ball
1-0: Ball
2-0: Ball
3-0: Foul Ball, location: 2F
3-1: SINGLE (Line Drive, 56D)
Batting: SHB Todd Cisneros 0-0: Called Strike
0-1: Called Strike
0-2: Ball
1-2: SINGLE (Line Drive, 6M)
Carlos Trujillo to second
Batting: RHB Bob Narváiz 0-0: Called Strike
0-1: Ball
1-1: Ball
2-1: Ball
3-1: Foul Ball, location: 2F
3-2: Fly out, F8 (Flyball, 8RD)
Runner from 2nd tags up, SAFE at 3rd, no throw
Batting: LHB Jesús Vargas 0-0: Called Strike
0-1: Swinging Strike
0-2: Ball
1-2: 3-RUN HOME RUN (Flyball, 89XD), Distance : 431 ft
Pitching: LHP Domingo Posadas
Batting: SHB Robbie Anderson 0-0: Swinging Strike
0-1: Ball
1-1: Ball
2-1: Foul Ball, location: 2F
2-2: Ball
3-2: Strikes out looking
Batting: SHB Terry Conley 0-0: Ball
1-0: Swinging Strike
1-1: Foul Ball, location: 2F
1-2: Ball
2-2: SINGLE (Groundball, 34D)
Batting: RHB Gil Lowe 0-0: Ball
1-0: Ball
2-0: Foul Ball, location: 2F
2-1: Ball
3-1: Fielders Choice at 2nd, 6-4 (Groundball, 6)
Top of the 7th over - 3 run(s), 4 hit(s), 0 error(s), 0 left on base; Santa Barbara 7 - Mercer Island 2
BOTTOM OF THE 7TH
Mercer Island Screaming Eagles batting - Pitching for Santa Barbara Streak : RHP Il-gyung Kim
Now at C: Rick Johnson
Batting: RHB Vincente Flores 0-0: Ball
1-0: Called Strike
1-1: Ground out 5-3 (Groundball, 56S)
Batting: LHB Gregg Young 0-0: Ball
1-0: Ball
2-0: Called Strike
2-1: Foul Ball, location: 2F
2-2: Strikes out swinging
Batting: RHB Jesús Martínez 0-0: Ball
1-0: Called Strike
1-1: Swinging Strike
1-2: Strikes out looking
Bottom of the 7th over - 0 run(s), 0 hit(s), 0 error(s), 0 left on base; Santa Barbara 7 - Mercer Island 2
TOP OF THE 8TH
Santa Barbara Streak batting - Pitching for Mercer Island Screaming Eagles : LHP Domingo Posadas
Batting: RHB Alberto Ortíz 0-0: Swinging Strike
0-1: Called Strike
0-2: Ball
1-2: SOLO HOME RUN (Line Drive, 7D), Distance : 388 ft
Batting: RHB Rick Johnson 0-0: Ground out 6-3 (Groundball, 6M)
Batting: RHB Carlos Trujillo 0-0: Ball
1-0: Foul Ball, location: 2F
1-1: Foul Ball, location: 2F
1-2: Ball
2-2: Strikes out looking
Batting: SHB Todd Cisneros 0-0: Ball
1-0: Ball
2-0: Called Strike
2-1: Foul Ball, location: 2F
2-2: Ball
3-2: Foul Ball, location: 2F
3-2: Fly out, F2 (Popup, 2RF)
Top of the 8th over - 1 run(s), 1 hit(s), 0 error(s), 0 left on base; Santa Barbara 8 - Mercer Island 2
BOTTOM OF THE 8TH
Mercer Island Screaming Eagles batting - Pitching for Santa Barbara Streak : RHP Il-gyung Kim
Batting: RHB Alan Rosales 0-0: Swinging Strike
0-1: Ground out 2-3 (Groundball, 2L)
Batting: RHB Luis Antonio Hernández 0-0: Called Strike
0-1: Ball
1-1: Ball
2-1: Foul Ball, location: 2F
2-2: Fly out, F8 (Flyball, 8LM)
Batting: LHB Mike Russell 0-0: Called Strike
0-1: Ground out 2-3 (Groundball, 25)
Bottom of the 8th over - 0 run(s), 0 hit(s), 0 error(s), 0 left on base; Santa Barbara 8 - Mercer Island 2
TOP OF THE 9TH
Santa Barbara Streak batting - Pitching for Mercer Island Screaming Eagles : LHP Domingo Posadas
Pitching: RHP Daniel Martínez
Batting: RHB Bob Narváiz 0-0: Reached on error, E6 (Groundball, 6M)
Batting: LHB Jesús Vargas 0-0: Ball
1-0: Called Strike
1-1: Called Strike
1-2: Fly out, F8 (Flyball, 8LM)
Batting: SHB Robbie Anderson 0-0: Called Strike
0-1: Ball
1-1: Foul Ball, location: 2F
1-2: DOUBLE (Line Drive, 9LM)
Bob Narváiz scores
Batting: SHB Terry Conley 0-0: Called Strike
0-1: Ground out 6-3 (Groundball, 6M)
Robbie Anderson to third
Pinch Hitting: RHB Jim Unknown 0-0: Ball
1-0: Ball
2-0: Foul Ball, location: 2F
2-1: Foul Ball, location: 2F
2-2: Foul Ball, location: 2F
2-2: Foul Ball, location: 2F
2-2: Ball
3-2: SINGLE (Groundball, 56)
Robbie Anderson scores
Batting: RHB Alberto Ortíz 0-0: Ball
1-0: Ball
2-0: Called Strike
2-1: Foul Ball, location: 2F
2-2: Ball
3-2: Foul Ball, location: 2F
3-2: Base on Balls
Jim Unknown to second
Batting: RHB Rick Johnson 0-0: Ball
1-0: Fly out, F9 (Flyball, 9M)
Top of the 9th over - 2 run(s), 2 hit(s), 1 error(s), 2 left on base; Santa Barbara 10 - Mercer Island 2
BOTTOM OF THE 9TH
Mercer Island Screaming Eagles batting - Pitching for Santa Barbara Streak : RHP Il-gyung Kim
Now at 2B: Everett Chambers
Batting: SHB Stephen Yates 0-0: Ball
1-0: Fly out, F9 (Flyball, 9M)
Batting: RHB Miguel Márquez 0-0: Ball
1-0: Called Strike
1-1: Ball
2-1: Foul Ball, location: 2F
2-2: Ball
3-2: Fly out, F7 (Flyball, 78M)
Batting: RHB Ted Cook 0-0: Ball
1-0: Ball
2-0: Ball
3-0: Base on Balls
Pitching: LHP Jim Unknown
Batting: RHB Vincente Flores 0-0: Fly out, F3 (Popup, 3F)
Bottom of the 9th over - 0 run(s), 0 hit(s), 0 error(s), 1 left on base; Santa Barbara 10 - Mercer Island 2
This league is powered by Out of the Park Baseball, the baseball management simulation game for PC, Mac and Linux
Saturday, July 25th, 2015 - OOTP Baseball 15.6 Build 34